 Dungeon Crawl Stone Soup version 0.28-a0-1387-g3a22ab9bdc (webtiles) character file.

Game seed: 7722070880687530874

1098 ragingrage the Fighter (level 8, -2/71 HPs)
             Began as a Gnoll Wanderer on Jan 2, 2022.
             Slain by a two-headed ogre (6 damage)
             ... on level 7 of the Dungeon.
             The game lasted 00:09:25 (4762 turns).

ragingrage the Fighter (Gnoll Wanderer)             Turns: 4762, Time: 00:09:25

Health: -2/71      AC:  9    Str: 12    XL:     8   Next: 32%
Magic:  12/12      EV: 14    Int:  9    God:
Gold:   42         SH:  0    Dex: 16    Spells: 13/13 levels left

rFire   + . .      SeeInvis .   a - +3 short sword (vorpal)
rCold   . . .      Faith    .   (no shield)
rNeg    . . .      Spirit   .   o - +0 leather armour {rF+}
rPois   .          Reflect  .   v - +0 helmet
rElec   .          Harm     .   q - +0 cloak
rCorr   .          Rampage  .   r - +0 pair of gloves
Will    .....                   b - +1 pair of boots
Stlth   ++........              (no amulet)
HPRegen 0.21/turn               (no ring)
MPRegen 0.13/turn               (no ring)

@: no status effects
A: fangs 1, strong nose, distributed training
a: no special abilities


You were on level 7 of the Dungeon.
You visited 1 branch of the dungeon, and saw 7 of its levels.

You collected 327 gold pieces.
You spent 285 gold pieces at shops.

Inventory:

Hand Weapons
 a - a +3 vorpal short sword (weapon)
Missiles
 d - 6 javelins
 g - 2 boomerangs
 p - 19 poisoned darts (quivered)
Armour
 b - a +1 pair of boots (worn)
 o - a +0 leather armour of fire resistance (worn)
 q - a +0 cloak (worn)
 r - a +0 pair of gloves (worn)
 v - a +0 helmet (worn)
Wands
 y - a wand of paralysis (5)
Scrolls
 c - a scroll of fog {unknown}
 h - 3 scrolls of teleportation
 i - a scroll of enchant weapon {unknown}
 j - a scroll of amnesia {unknown}
 k - 4 scrolls of fear
 m - 5 scrolls of identify
 t - a scroll of magic mapping {unknown}
 u - a scroll of brand weapon
 x - 2 scrolls of torment {unknown}
 z - a scroll of acquirement {unknown}
Potions
 e - 6 potions of curing {unknown}
 f - 2 potions of cancellation {unknown}
 l - a potion of mutation {unknown}
 n - a potion of attraction {unknown}
 w - a potion of might {unknown}


   Skills:
 + Level 9.1 Fighting
 + Level 7.3 Short Blades
 + Level 3.1 Long Blades
 + Level 3.1 Axes
 + Level 3.1 Maces & Flails
 + Level 3.1 Polearms
 + Level 3.1 Staves
 + Level 3.1 Slings
 + Level 3.1 Bows
 + Level 3.1 Crossbows
 + Level 3.1 Throwing
 + Level 4.1 Armour
 + Level 5.6 Dodging
 + Level 3.1 Stealth
 + Level 3.1 Shields
 + Level 3.1 Unarmed Combat
 + Level 3.1 Spellcasting
 + Level 2.5 Conjurations
 + Level 2.5 Hexes
 + Level 2.5 Summonings
 + Level 2.5 Necromancy
 + Level 2.5 Translocations
 + Level 2.5 Transmutations
 + Level 2.5 Fire Magic
 + Level 2.5 Ice Magic
 + Level 2.5 Air Magic
 + Level 2.5 Earth Magic
 + Level 2.5 Poison Magic
 + Level 3.5 Invocations
 + Level 3.1 Evocations


You had 13 spell levels left.
You didn't know any spells.
Your spell library contained the following spells:

 Spells                   Type           Power      Damage    Failure   Level
 Ensorcelled Hibernation  Hex/Ice        12%        N/A       21%         2
 Spider Form              Tmut/Pois      6%         N/A       36%         3


Dungeon Overview and Level Annotations

Branches:
Dungeon (7/15)
 Temple: D:4-7

Altars:
Elyvilon
Fedhas
Makhleb
Qazlal
Ru
Uskayaw

Shops:
D:5 ?

Annotations:
D:7 3 runed translucent doors, Urgle's ghost, novice MiBe


Innate Abilities, Weirdness & Mutations

You have very sharp teeth.
Your uncanny sense of smell can sniff out nearby items.
Your experience applies equally to all skills.


Message History

The two-headed ogre hits you with a +0 giant club!!
* * * LOW HITPOINT WARNING * * *
Throw: 22 darts (poison)
Press: ? - help, Q - select action, (/) - cycle Shift-Dir - straight line, f/p - two-headed ogre
Aim: a two-headed ogre, wielding two +0 giant clubs (heavily wounded, very poisoned, 78% to hit)
You throw a poisoned dart.
The poisoned dart barely misses the two-headed ogre.
Aiming: Paralyse
Press: ? - help, Shift-Dir - straight line, f/p - two-headed ogre
Aim: a two-headed ogre, wielding two +0 giant clubs (heavily wounded, very poisoned, chance to affect: 39%)
Okay, then.
Throw: 21 darts (poison)
Press: ? - help, Q - select action, (/) - cycle Shift-Dir - straight line, f/p - two-headed ogre
Aim: a two-headed ogre, wielding two +0 giant clubs (heavily wounded, very poisoned, 78% to hit)
You throw a poisoned dart.
The poisoned dart hits the two-headed ogre.
The two-headed ogre looks as sick as possible!
The two-headed ogre is heavily wounded.
The two-headed ogre misses you. The two-headed ogre closely misses you.
Found a runed translucent gate. 2 orcs come into view.
The orc shouts!
An orc comes into view. It is wielding a +0 club.
The orc moves out of view.
The orc warrior shouts!
Urgle's ghost turns its malevolent gaze towards you.
You hear a shout! x2
The orc shouts!
The orc priest shouts!
The orc warrior shouts!
The orc shouts!
You hear a shout!
The orc shouts!
Throw: 20 darts (poison)
Press: ? - help, Q - select action, (/) - cycle Shift-Dir - straight line, f/p - two-headed ogre
Aim: a two-headed ogre, wielding two +0 giant clubs (severely wounded, very poisoned, 78% to hit)
You throw a poisoned dart.
The poisoned dart hits the two-headed ogre!
The two-headed ogre looks as sick as possible!
The two-headed ogre is severely wounded.
The two-headed ogre hits you with a +0 giant club.
* * * LOW HITPOINT WARNING * * *
The two-headed ogre hits you with a +0 giant club.
You die...

..o#.+.(.#
##.# ####
.8.#o+...#
###
.oo#o+..##
..o#.#.o#
.##.W#..#
.8#.o#..#
.##.o#..#
....o#.O#
######8@#
####


You could see a two-headed ogre (very poisoned), 3 orc warriors, an orc priest,
Urgle's ghost and 5 orcs.

Vanquished Creatures
  Eustachio (D:5)
  2 steam dragons
  2 ogres
  A phantom (D:6)
  A kobold brigand (D:4)
  A scorpion (D:5)
  A centaur zombie (D:5)
  An orc priest (D:3)
  An iguana (D:6)
  2 bullfrog skeletons
  A killer bee zombie (D:5)
  A hound skeleton (D:4)
  4 gnolls (D:4)
  4 adders
  A howler monkey skeleton (D:4)
  A white imp (D:7)
  2 ufetubi (D:5)
  An adder skeleton (D:4)
  A worm (D:2)
  2 dart slugs (D:3)
  6 orcs
  3 ball pythons
  2 bats
  6 endoplasms
  A giant cockroach (D:3)
  6 goblins
  8 hobgoblins
  A quokka (D:2)
  2 frilled lizards
  3 kobolds
  4 rats
73 creatures vanquished.

Vanquished Creatures (others)
  15 plants
15 creatures vanquished.

Grand Total: 88 creatures vanquished

Notes
Turn   | Place    | Note
-------+----------+-------------------------------------------
     0 | D:1      | ragingrage the Gnoll Wanderer began the quest for the Orb.
     0 | D:1      | ragingrage set off with the following items: a +3 short
                  | sword, a +0 pair of boots, a +0 leather armour
     0 | D:1      | Reached XP level 1. HP: 26/26 MP: 1/1
   317 | D:1      | Reached XP level 2. HP: 33/33 MP: 2/2
   856 | D:2      | Reached XP level 3. HP: 35/38 MP: 3/3
  1409 | D:3      | Reached skill level 1 in Invocations
  1523 | D:3      | Found a hide-covered altar of Uskayaw.
  1619 | D:3      | Found a sacrificial altar of Ru.
  1717 | D:3      | Reached skill level 1 in Long Blades
  1717 | D:3      | Reached skill level 1 in Axes
  1717 | D:3      | Reached skill level 1 in Maces & Flails
  1717 | D:3      | Reached skill level 1 in Polearms
  1717 | D:3      | Reached skill level 1 in Staves
  1717 | D:3      | Reached skill level 1 in Slings
  1717 | D:3      | Reached skill level 1 in Bows
  1717 | D:3      | Reached skill level 1 in Crossbows
  1717 | D:3      | Reached skill level 1 in Throwing
  1717 | D:3      | Reached skill level 1 in Stealth
  1717 | D:3      | Reached skill level 1 in Shields
  1717 | D:3      | Reached skill level 1 in Unarmed Combat
  1717 | D:3      | Reached skill level 1 in Spellcasting
  1717 | D:3      | Reached skill level 1 in Evocations
  1888 | D:3      | Reached XP level 4. HP: 38/45 MP: 5/5
  1896 | D:3      | Reached skill level 1 in Conjurations
  1896 | D:3      | Reached skill level 1 in Hexes
  1896 | D:3      | Reached skill level 1 in Summonings
  1896 | D:3      | Reached skill level 1 in Necromancy
  1896 | D:3      | Reached skill level 1 in Translocations
  1896 | D:3      | Reached skill level 1 in Transmutations
  1896 | D:3      | Reached skill level 1 in Fire Magic
  1896 | D:3      | Reached skill level 1 in Ice Magic
  1896 | D:3      | Reached skill level 1 in Air Magic
  1896 | D:3      | Reached skill level 1 in Earth Magic
  1896 | D:3      | Reached skill level 1 in Poison Magic
  2005 | D:3      | Found a burning altar of Makhleb.
  2024 | D:3      | Found a white marble altar of Elyvilon.
  2030 | D:3      | Found a blossoming altar of Fedhas.
  2086 | D:3      | Found a stormy altar of Qazlal.
  2397 | D:4      | Reached XP level 5. HP: 39/51 MP: 6/6
  2839 | D:4      | Noticed a kobold brigand
  2845 | D:4      | Killed a kobold brigand
  3049 | D:4      | Reached XP level 6. HP: 21/57 MP: 8/8
  3447 | D:5      | Entered Level 5 of the Dungeon
  3507 | D:5      | Reached skill level 5 in Dodging
  3534 | D:5      | Noticed Eustachio
  3883 | D:5      | Reached XP level 7. HP: 56/63 MP: 10/10
  4350 | D:5      | Found Heixu's Magic Scroll Shop.
  4353 | D:5      | Bought a scroll of teleportation for 30 gold pieces
  4353 | D:5      | Bought a scroll of fear for 35 gold pieces
  4353 | D:5      | Bought a scroll of brand weapon for 200 gold pieces
  4354 | D:5      | Bought a scroll of identify for 20 gold pieces
  4523 | D:5      | Killed Eustachio
  4524 | D:5      | Reached skill level 9 in Fighting
  4617 | D:6      | Noticed a steam dragon
  4621 | D:6      | Killed a steam dragon
  4622 | D:6      | Reached XP level 8. HP: 71/71 MP: 12/12
  4661 | D:6      | Noticed a vampire
  4720 | D:7      | Noticed a two-headed ogre
  4747 | D:7      | Found a runed translucent gate.
  4748 | D:7      | Found a runed translucent gate.
  4748 | D:7      | Found a runed translucent gate.
  4749 | D:7      | Noticed Urgle's ghost (novice MiBe)
  4757 | D:7      | Identified the +5 chain mail "Fucud" {Fly rN++ Dex-4}
  4762 | D:7      | Slain by a two-headed ogre

Illustrated notes

Levels and vault maps discovered:
D:1:      matt_arrival_grand_opening, layout_loops_ring, hex_medium
D:2:      layout_loops_ring
D:3:      layout_basic, nicolae_elyvilon_temple_path,
          nicolae_overflow_quartered_altars, nicolae_ru_sacrificial_ziggurat
D:4:      layout_gridville, serial_bayou, serial_bayou_shore_b,
          serial_bayou_ford_a, serial_bayou_shore_a, serial_bayou_pond_a
D:5:      layout_loops_ring, serial_shops, kennysheep_mini_moat, serial_rivers,
          chequers_serial_rivers_room_b, chequers_serial_rivers_room_a,
          chequers_serial_rivers_micro_a, chequers_serial_rivers_small_3,
          uniq_eustachio
D:6:      layout_loops_ring, uniq_edmund, uniq_sigmund, uniq_prince_ribbit1,
          uniq_grinder
D:7:      layout_cave_pools, nicolae_tso_swordbearing_angel,
          minmay_temple_entry_stoned_glass, biasface_ghost_orc_armoury,
          minmay_misc_feat_enclosed

Skill      XL: |  1  2  3  4  5  6  7 |
---------------+----------------------+-----
Invocations    | 1 2 3 |  3.5
Long Blades    | 1 2 3 |  3.1
Axes           | 1 2 3 |  3.1
Maces & Flails | 1 2 3 |  3.1
Polearms       | 1 2 3 |  3.1
Staves         | 1 2 3 |  3.1
Slings         | 1 2 3 |  3.1
Bows           | 1 2 3 |  3.1
Crossbows      | 1 2 3 |  3.1
Throwing       | 1 2 3 |  3.1
Stealth        | 1 2 3 |  3.1
Shields        | 1 2 3 |  3.1
Unarmed Combat | 1 2 3 |  3.1
Spellcasting   | 1 2 3 |  3.1
Evocations     | 1 2 3 |  3.1
Conjurations   | 1 2 |  2.5
Hexes          | 1 2 |  2.5
Summonings     | 1 2 |  2.5
Necromancy     | 1 2 |  2.5
Translocations | 1 2 |  2.5
Transmutations | 1 2 |  2.5
Fire Magic     | 1 2 |  2.5
Ice Magic      | 1 2 |  2.5
Air Magic      | 1 2 |  2.5
Earth Magic    | 1 2 |  2.5
Poison Magic   | 1 2 |  2.5
Armour         | 3 4 |  4.1
Dodging        | 5 |  5.6
Short Blades   | 7 |  7.3
Fighting       | 9 |  9.1

Action                   |  1- 3 |  4- 6 |  7- 9 || total
-------------------------+-------+-------+-------++-------
Melee: Short sword       |    95 |    95 |    82 ||   272
       Bite              |     9 |    11 |     7 ||    27
       Punch             |       |     1 |     1 ||     2
Throw: Boomerang         |       |     2 |       ||     2
       Dart              |       |       |     9 ||     9
Evoke: Wand              |       |       |     1 ||     1
  Use: Scroll            |       |       |     4 ||     4
 Stab: Sleeping          |     3 |     2 |     4 ||     9
       Paralysed         |       |       |     2 ||     2
Armor: Leather armour    |    11 |    30 |    45 ||    86
Dodge: Dodged            |    46 |    51 |    72 ||   169

Table legend: (Time is in decaauts)
 A = Elapsed time spent in this place.
 B = Non-inter-level travel time spent in this place.
 C = Inter-level travel time spent in this place.
 D = Time resting spent in this place.
 E = Time spent auto-exploring this place.
 F = Levels seen in this place.
 G = Mean time per level.
                   A        B        C        D        E       F      G
               +--------+--------+--------+--------+--------+-----+--------+
         Total |   4730 |   4550 |    180 |    409 |   3423 |   7 |  675.7 |
       Dungeon |   4730 |   4550 |    180 |    409 |   3423 |   7 |  675.7 |
               +--------+--------+--------+--------+--------+-----+--------+

Top non-repeatable levels by time:
     D:4: 1428 daAuts
     D:3: 918 daAuts
     D:5: 796 daAuts
     D:2: 737 daAuts
     D:1: 650 daAuts
     D:6: 116 daAuts
     D:7: 82 daAuts
